AoeStats
← fechinoo

Arena

508125393Analyzed
4v4 RM · 12d ago on Sep 21, 2026· 56m 26s· 8 players
Game mode
Random Map
Map size
Large (8 player)
Population
200
Speed
Normal
Resources
Standard
Victory
Conquest
Starting age
Dark Age
Ending age
Imperial Age
RankedLock teamsTeams togetherTeam positionsShared explorationLock speedFull tech treeHidden civsTurbo modeCheats
Victory
Defeat
🇺🇸 Cumans · United States
1012
+14
🇨🇳 Poles · China
976
+16
🇳🇿 Turks · New Zealand
863
+20
🇬🇧 Persians · United Kingdom
857
+21
🇺🇸 Inca · United States
1009
-20
🇲🇽 Khmer · Mexico
974
-18
🇺🇸 Teutons · United States
957
-17
🇲🇽 Bulgarians · Mexico
921
-16
Welches So Wavy
3:59 Loom
11:23 Loom
13:08 Feudal Age
18:52 Castle Age
18:16 Double-Bit Axe
18:14 Horse Collar
21:50 Wheelbarrow
26:45 Bow Saw
26:39 Heavy Plow
30:31 Hand Cart
29:59 Champi Runner
30:40 Squires
31:55 Andean Sling
32:15 Forging
32:06 Scale Mail Armor
32:07 Padded Archer Armor
31:57 Fletching
31:57 Champi Warrior
32:45 Gold Mining
36:20 Imperial Age
34:28 Iron Casting
33:42 Elite Skirmisher
34:29 Thumb Ring
33:46 Crossbowman
35:15 Pikeman
36:46 Ballistics
36:25 Bodkin Arrow
36:46 Leather Archer Armor
36:46 Chain Mail Armor
36:28 Arbalester
36:31 Halberdier
38:31 Chemistry
37:47 Treadmill Crane
38:56 Bracer
39:27 Ring Archer Armor
39:54 Gold Shaft Mining
39:50 Crop Rotation
40:26 Blast Furnace
46:35 Plate Mail Armor
ROMA
0:27 Loom
11:15 Feudal Age
11:42 Double-Bit Axe
12:55 Horse Collar
13:53 Wheelbarrow
20:45 Castle Age
18:59 Gold Mining
19:29 Stone Mining
20:00 Fletching
29:50 Imperial Age
29:00 Forging
28:50 Scale Mail Armor
28:56 Scale Barding Armor
29:15 Elite Skirmisher
30:58 Husbandry
31:09 Bloodlines
31:25 Conscription
30:56 Pikeman
31:36 Squires
33:01 Cavalier
34:18 Ballistics
33:49 Guard Tower
36:33 Gambesons
38:36 Heavy Plow
39:45 Hand Cart
41:32 Iron Casting
41:13 Chain Mail Armor
43:05 Bow Saw
43:34 Gold Shaft Mining
45:24 Blast Furnace
44:55 Plate Mail Armor
44:14 Arson
44:42 Murder Holes
46:21 Stone Shaft Mining
48:15 Chemistry
49:08 Chain Barding Armor
mimotaker
0:37 Loom
11:23 Feudal Age
14:25 Castle Age
13:43 Double-Bit Axe
14:43 Wheelbarrow
14:12 Gold Mining
18:30 Horse Collar
26:25 Hand Cart
26:02 Town Watch
30:09 Bloodlines
35:43 Imperial Age
34:45 Bow Saw
34:40 Heavy Plow
34:28 Pikeman
36:24 Halberdier
37:02 Heavy Scorpion
41:19 Double Crossbow
41:20 Tusk Swords
42:22 Fletching
42:33 Padded Archer Armor
42:34 Scale Mail Armor
42:44 Forging
42:40 Scale Barding Armor
43:31 Halberdier
44:55 Leather Archer Armor
49:50 Stone Mining
53:07 Ring Archer Armor
52:32 Bodkin Arrow
52:02 Crossbowman
54:06 Arbalester
55:14 Elite Battle Elephant
toolbanana-man
11:25 Feudal Age
13:04 Double-Bit Axe
17:41 Castle Age
15:52 Horse Collar
16:52 Stone Mining
17:46 Fletching
23:55 Scale Mail Armor
24:35 Bow Saw
31:20 Chain Mail Armor
31:06 Bodkin Arrow
36:40 Imperial Age
36:46 Onager
37:26 Pikeman
38:07 Squires
37:29 Elite Skirmisher
38:22 Forging
38:18 Gold Mining
40:02 Fortified Wall
41:44 Loom
42:35 Wheelbarrow
41:45 Town Watch
42:13 Halberdier
44:26 Ballistics
45:15 Masonry
46:09 Chemistry
52:27 Block Printing
GilgameshAkaChad
3:17 Loom
11:48 Feudal Age
12:45 Double-Bit Axe
12:42 Horse Collar
16:31 Castle Age
24:21 Wheelbarrow
23:33 Town Watch
27:13 Imperial Age
27:36 Fletching
28:23 Conscription
28:57 Ballistics
28:50 Bodkin Arrow
28:57 Padded Archer Armor
30:17 Bow Saw
30:09 Heavy Plow
31:31 Chemistry
31:47 Hand Cart
31:34 Town Patrol
32:21 Leather Archer Armor
33:50 Elite Kipchak
35:02 Masonry
36:28 Ring Archer Armor
39:41 Bloodlines
39:38 Thumb Ring
39:59 Parthian Tactics
39:46 Light Cavalry
41:06 Hoardings
41:42 Hussar
42:29 Scale Barding Armor
42:34 Forging
43:57 Chain Barding Armor
44:51 Iron Casting
54:08 Plate Barding Armor
54:34 Blast Furnace
55:23 Caravan
Greenland Viking
7:52 Loom
11:23 Feudal Age
18:06 Castle Age
16:14 Double-Bit Axe
17:42 Horse Collar
19:20 Bow Saw
21:44 Heavy Plow
24:52 Husbandry
26:18 Forging
26:31 Bloodlines
27:42 Scale Barding Armor
27:35 Fletching
28:56 Light Cavalry
30:35 Chain Barding Armor
30:51 Iron Casting
31:11 Bodkin Arrow
36:38 Imperial Age
38:21 Plate Barding Armor
38:47 Blast Furnace
39:25 Conscription
38:38 Hussar
39:19 Heavy Camel Rider
42:14 Crop Rotation
42:47 Two-Man Saw
48:09 Elite War Elephant
54:01 Citadels
DonaldTrumpet
11:03 Feudal Age
11:54 Double-Bit Axe
15:01 Castle Age
14:47 Horse Collar
16:13 Bow Saw
16:24 Heavy Plow
18:01 Loom
21:01 Wheelbarrow
23:27 Stone Mining
23:27 Gold Mining
27:25 Hand Cart
29:54 Imperial Age
32:51 Scale Barding Armor
32:57 Forging
32:48 Padded Archer Armor
34:50 Conscription
35:12 Husbandry
35:22 Bloodlines
38:15 Ballistics
39:22 Leather Archer Armor
39:37 Bombard Tower
44:31 Ring Archer Armor
44:22 Chain Barding Armor
44:38 Iron Casting
54:54 Artillery
fechinoo
10:18 Feudal Age
14:04 Castle Age
12:35 Horse Collar
15:21 Heavy Plow
20:05 Double-Bit Axe
23:27 Wheelbarrow
24:56 Hand Cart
24:47 Gold Mining
24:48 Stone Mining
27:43 Stone Shaft Mining
29:23 Scale Barding Armor
29:29 Forging
32:24 Imperial Age
31:10 Szlachta Privileges
31:27 Chain Barding Armor
31:43 Iron Casting
31:19 Bloodlines
31:09 Husbandry
31:39 Light Cavalry
32:59 Scale Mail Armor
32:32 Cavalier
33:34 Conscription
32:37 Elite Obuch
33:57 Crop Rotation
33:39 Bow Saw
34:59 Blast Furnace
34:39 Chain Mail Armor
33:57 Pikeman
34:38 Squires
34:23 Arson
34:31 Loom
35:22 Hoardings
35:09 Lechitic Legacy
35:29 Caravan
37:33 Chemistry
36:13 Treadmill Crane
36:54 Ballistics
36:30 Murder Holes
38:04 Plate Mail Armor
37:25 Fletching
37:43 Siege Engineers
37:49 Masonry
40:31 Coinage
42:23 Bombard Tower
41:49 Arrowslits
42:44 Banking
43:44 Guard Tower
55:09 Winged Hussar
Connection lost

Rejoining the realm…

Still unreachable

The connection could not be restored.

Session expired

The server has moved on; the page needs a fresh start.